 Dungeon Crawl Stone Soup version 0.29-a0-668-g12ee2bf84d (webtiles) character file.

Game seed: 12746249838534136217

659 dolemite99 the Ruffian (level 7, -2/60 HPs)
             Began as a Gnoll Chaos Knight on June 24, 2022.
             Was a Plaything of Xom.
             Slain by Duvessa
             ... wielding a +0 short sword
              (14 damage)
             ... on level 4 of the Dungeon.
             The game lasted 00:05:24 (3729 turns).

dolemite99 the Ruffian (Gnoll Chaos Knight)         Turns: 3729, Time: 00:05:25

Health: -2/60      AC:  8    Str: 13 (14) XL:     7   Next: 55%
Magic:  10/10      EV:  9    Int:  8 (11) God:    Xom [*.....]
Gold:   159        SH:  0    Dex:  8 (11) Spells: 11/11 levels left

rFire   . . .      SeeInvis .     - Unarmed
rCold   . . .      Faith    .   (no shield)
rNeg    . . .      Spirit   .   p - +1 scale mail
rPois   .          Reflect  .   (no helmet)
rElec   .          Harm     .   (no cloak)
rCorr   .          Rampage  .   (no gloves)
Will    .....                   (no boots)
Stlth   ..........              (no amulet)
HPRegen 0.20/turn               (no ring)
MPRegen 0.12/turn               (no ring)

@: no status effects
A: fangs 1, strong nose, distributed training
a: Renounce Religion


You were on level 4 of the Dungeon.
You worshipped Xom.
You were a special plaything of Xom.
You visited 1 branch of the dungeon, and saw 4 of its levels.

You collected 159 gold pieces.

Inventory:

Hand Weapons
 k - a +0 mace
 q - a +0 hunting sling
 r - a +2 quarterstaff of speed
 s - a +4 morningstar
Missiles
 e - a boomerang (quivered)
 j - 4 atropa-tipped darts
Armour
 a - a +2 leather armour
 p - a +1 scale mail (worn)
Jewellery
 o - a +6 ring of strength
 t - an amulet of faith
Scrolls
 g - a scroll of identify {@r1}
 h - 7 scrolls of poison
 m - a scroll of torment
Potions
 d - a potion of resistance {unknown}
 l - 4 potions of mutation
 n - a potion of might {unknown}
Miscellaneous
 b - a piece from Xom's chessboard (14/15)


   Skills:
 + Level 7.1 Fighting
 + Level 2.5 Short Blades
 + Level 2.5 Long Blades
 + Level 2.5 Axes
 + Level 2.5 Maces & Flails
 + Level 2.5 Polearms
 + Level 2.5 Staves
 + Level 2.5 Slings
 + Level 2.5 Bows
 + Level 2.5 Crossbows
 + Level 2.5 Throwing
 + Level 5.3 Armour
 + Level 3.7 Dodging
 + Level 2.5 Stealth
 + Level 2.5 Shields
 + Level 7.1 Unarmed Combat
 + Level 2.5 Spellcasting
 + Level 2.1 Conjurations
 + Level 2.1 Hexes
 + Level 2.1 Summonings
 + Level 2.1 Necromancy
 + Level 2.1 Translocations
 + Level 2.1 Transmutations
 + Level 2.1 Fire Magic
 + Level 2.1 Ice Magic
 + Level 2.1 Air Magic
 + Level 2.1 Earth Magic
 + Level 2.1 Poison Magic
 + Level 2.8 Invocations
 + Level 2.5 Evocations


You had 11 spell levels left.
You didn't know any spells.
Your spell library contained the following spells:

 Spells                   Type           Power      Damage    Failure   Level
 Poisonous Vapours        Pois/Air       8%         N/A       65%         2
 Conjure Flame            Conj/Fire      4%         6-21      86%         3
 Ignite Poison            Fire/Tmut/Pois 4%         N/A       86%         3
 Corpse Rot               Necr/Pois/Air  4%         N/A       99%         4
 Sticky Flame             Conj/Fire      4%         2d3       99%         4


Dungeon Overview and Level Annotations

Branches:
Dungeon (4/15)             Temple (0/1) D:4

Altars:
Qazlal

Shops:
D:3 (

Annotations:
D:4 Duvessa


Innate Abilities, Weirdness & Mutations

You have very sharp teeth.
Your uncanny sense of smell can sniff out nearby items.
Your experience applies equally to all skills.


Message History

Dowan is engulfed in poison gas.
Dowan looks as sick as possible!
Dowan looks as sick as possible!
You hit Dowan. You bite Dowan, but do no damage.
Dowan is severely wounded.
Dowan is engulfed in poison gas.
Dowan looks as sick as possible!
You kill Dowan!
Duvessa screams, "No!
How DARE you!"
Duvessa goes berserk!
You are no longer glowing.
Duvessa is engulfed in poison gas.
Duvessa is poisoned.
You make a move on Xom's chessboard...
Duvessa is unaffected.
Duvessa is no longer moving quickly.
Duvessa is engulfed in poison gas.
Duvessa looks even sicker.
Duvessa is engulfed in poison gas.
Duvessa looks even sicker.
Okay, then.
Throw: 6 darts (atropa)
Press: ? - help, Shift-Dir - straight line, f/p - Duvessa
Aim: Duvessa, wielding a +0 short sword and wearing a +0 chain mail (poison gas, heavily wounded, berserk, very poisoned, 70% to hit, chance to blind on hit: 72%)
You throw an atropa-tipped dart.
The atropa-tipped dart barely misses Duvessa.
Duvessa is engulfed in poison gas.
Duvessa looks as sick as possible!
Throw: 5 darts (atropa)
Press: ? - help, Shift-Dir - straight line, f/p - Duvessa
Aim: Duvessa, wielding a +0 short sword and wearing a +0 chain mail (poison gas, heavily wounded, berserk, extremely poisoned, 70% to hit, chance to blind on hit: 75%)
You throw an atropa-tipped dart.
The atropa-tipped dart barely misses Duvessa.
Duvessa is engulfed in poison gas.
Duvessa looks as sick as possible!
You completely miss Duvessa.
Duvessa is severely wounded.
Duvessa hits you with a +0 short sword!
* * * LOW HITPOINT WARNING * * *
Duvessa closely misses you.
You punch Duvessa!
Duvessa is almost dead.
Duvessa hits you with a +0 short sword.
* * * LOW HITPOINT WARNING * * *
You hit Duvessa but do no damage.
Duvessa is almost dead.
Duvessa hits you with a +0 short sword!
You die...

#....# #.....# .
#.○°.####.....#
#....+..#.....#
#.°.. #.#..######.#
#...###..<.........
#.○..##.#)†###.####
#.°..##.#..# #
#...○##.#..####..#
##@)...○##........
#○e.°°.##...##++#
#.°.°..##..#.P..P
#......°○..#..P..
#..........# ..).
####°..[...P ...
#.......#. ...
.....(..#.
######... #


You could see Duvessa (berserk, extremely poisoned).

Vanquished Creatures
  Pikel (D:4)
  Dowan (D:4)
  An orc priest (D:3)
  An orc wizard (D:3)
  4 adders
  3 worms
  2 dart slugs (D:1)
  3 orcs
  7 ball pythons
  8 endoplasms
  5 giant cockroaches (D:1)
  5 goblins
  11 hobgoblins
  5 kobolds
  5 bats
  4 frilled lizards
  10 rats
76 creatures vanquished.

Notes
Turn   | Place    | Note
-------+----------+-------------------------------------------
     0 | D:1      | dolemite99 the Gnoll Chaos Knight began the quest for the
                  | Orb.
     0 | D:1      | Reached XP level 1. HP: 23/23 MP: 1/1
     2 | D:1      | Noticed a spriggan
     2 | D:1      | Noticed a draconian
     4 | D:1      | Noticed a naga
     6 | D:1      | Noticed a minotaur
     8 | D:1      | Noticed a formicid
     8 | D:1      | Noticed a vine stalker
    10 | D:1      | Noticed a felid
    12 | D:1      | Noticed a merfolk
    12 | D:1      | Noticed a troll
    14 | D:1      | Noticed a gargoyle
    14 | D:1      | Noticed a dwarf
    16 | D:1      | Noticed a human
    16 | D:1      | Noticed an elf
    18 | D:1      | Noticed a demonspawn
    18 | D:1      | Noticed a tengu
    20 | D:1      | Noticed an ogre
    22 | D:1      | Noticed an octopode
    24 | D:1      | Noticed a vampire
    24 | D:1      | Noticed a ghoul
    26 | D:1      | Noticed a demigod
    85 | D:1      | Reached XP level 2. HP: 28/29 MP: 2/2
   107 | D:1      | XOM: silly message
   297 | D:1      | XOM: silly message
   335 | D:1      | Reached XP level 3. HP: 31/35 MP: 3/3
   384 | D:1      | XOM: silly message
   901 | D:2      | Reached skill level 1 in Invocations
  1053 | D:2      | Found a faded altar of an unknown god.
  1090 | D:2      | Reached skill level 1 in Short Blades
  1090 | D:2      | Reached skill level 1 in Long Blades
  1090 | D:2      | Reached skill level 1 in Axes
  1090 | D:2      | Reached skill level 1 in Maces & Flails
  1090 | D:2      | Reached skill level 1 in Polearms
  1090 | D:2      | Reached skill level 1 in Staves
  1090 | D:2      | Reached skill level 1 in Slings
  1090 | D:2      | Reached skill level 1 in Bows
  1090 | D:2      | Reached skill level 1 in Crossbows
  1090 | D:2      | Reached skill level 1 in Throwing
  1090 | D:2      | Reached skill level 1 in Stealth
  1090 | D:2      | Reached skill level 1 in Shields
  1090 | D:2      | Reached skill level 1 in Spellcasting
  1090 | D:2      | Reached skill level 1 in Evocations
  1148 | D:2      | XOM: god gift: runed morningstar {god gift}
  1380 | D:2      | Reached XP level 4. HP: 40/41 MP: 5/5
  1851 | D:2      | XOM is BORED!
  1851 | D:2      | XOM: summons 4 hostile shadow creatures
  2574 | D:3      | Reached skill level 1 in Conjurations
  2574 | D:3      | Reached skill level 1 in Hexes
  2574 | D:3      | Reached skill level 1 in Summonings
  2574 | D:3      | Reached skill level 1 in Necromancy
  2574 | D:3      | Reached skill level 1 in Translocations
  2574 | D:3      | Reached skill level 1 in Transmutations
  2574 | D:3      | Reached skill level 1 in Fire Magic
  2574 | D:3      | Reached skill level 1 in Ice Magic
  2574 | D:3      | Reached skill level 1 in Air Magic
  2574 | D:3      | Reached skill level 1 in Earth Magic
  2574 | D:3      | Reached skill level 1 in Poison Magic
  2580 | D:3      | Reached XP level 5. HP: 47/47 MP: 5/7
  2928 | D:3      | Found Inessypn's Weapon Emporium.
  3125 | D:3      | XOM: summons 1 hostile shadow creature
  3398 | D:4      | Found a stormy altar of Qazlal.
  3449 | D:4      | Noticed a lemure
  3449 | D:4      | Noticed a lemure
  3449 | D:4      | Noticed Pikel
  3451 | D:4      | Noticed a lemure
  3453 | D:4      | Noticed a lemure
  3469 | D:4      | Killed Pikel
  3470 | D:4      | Reached skill level 5 in Armour
  3470 | D:4      | Reached XP level 6. HP: 54/55 MP: 7/9
  3470 | D:4      | Reached XP level 7. HP: 59/60 MP: 7/10
  3579 | D:4      | Found a staircase to the Ecumenical Temple.
  3689 | D:4      | Noticed Dowan
  3690 | D:4      | Noticed Duvessa
  3694 | D:4      | XOM: blink monster(s)
  3701 | D:4      | XOM: torment (21/60 hp)
  3703 | D:4      | HP: 2/60 [Duvessa/+0 short sword (6)]
  3722 | D:4      | Killed Dowan
  3729 | D:4      | Slain by Duvessa

Illustrated notes

Levels and vault maps discovered:
D:1:      kb_arrival_jail, layout_basic, minmay_tromino_v4_b
D:2:      layout_basic, chequers_ecumenical_altar_simple,
          small_statue_intersection, st_stairs_10
D:3:      layout_basic, serial_shops, shop, kennysheep_generic_room_5
D:4:      cheibrodos_old_hovel, layout_basic, nicolae_qazlal_scattered_showers,
          temple_statues, minmay_misc_feat_five, uniq_duvessa, uniq_pikel

Skill      XL: |  1  2  3  4  5 |
---------------+----------------+-----
Invocations    | 1 2 |  2.8
Short Blades   | 1 2 |  2.5
Long Blades    | 1 2 |  2.5
Axes           | 1 2 |  2.5
Maces & Flails | 1 2 |  2.5
Polearms       | 1 2 |  2.5
Staves         | 1 2 |  2.5
Slings         | 1 2 |  2.5
Bows           | 1 2 |  2.5
Crossbows      | 1 2 |  2.5
Throwing       | 1 2 |  2.5
Stealth        | 1 2 |  2.5
Shields        | 1 2 |  2.5
Spellcasting   | 1 2 |  2.5
Evocations     | 1 2 |  2.5
Conjurations   | 1 2 |  2.1
Hexes          | 1 2 |  2.1
Summonings     | 1 2 |  2.1
Necromancy     | 1 2 |  2.1
Translocations | 1 2 |  2.1
Transmutations | 1 2 |  2.1
Fire Magic     | 1 2 |  2.1
Ice Magic      | 1 2 |  2.1
Air Magic      | 1 2 |  2.1
Earth Magic    | 1 2 |  2.1
Poison Magic   | 1 2 |  2.1
Dodging        | 3 |  3.7
Fighting       | 7 |  7.1
Armour         | 5 |  5.3
Unarmed Combat | 7 |  7.1

Action                   |  1- 3 |  4- 6 |  7- 9 || total
-------------------------+-------+-------+-------++-------
Melee: Unarmed           |   111 |   115 |    41 ||   267
       Bite              |     9 |     6 |     5 ||    20
       Punch             |     2 |     1 |     2 ||     5
Throw: Boomerang         |    22 |    26 |     4 ||    52
       Dart              |       |       |     2 ||     2
Evoke: Piece from Xom's  |    17 |       |     1 ||    18
  Use: Scroll            |       |    11 |     3 ||    14
       Potion            |       |     3 |     2 ||     5
 Stab: Paralysed         |     2 |       |       ||     2
       Petrifying        |     1 |       |       ||     1
Armor: Leather armour    |    36 |       |       ||    36
       Scale mail        |     9 |    54 |    18 ||    81
       Skin              |       |    17 |     4 ||    21
Dodge: Dodged            |    88 |    66 |     9 ||   163

Table legend: (Time is in decaauts)
 A = Elapsed time spent in this place.
 B = Non-inter-level travel time spent in this place.
 C = Inter-level travel time spent in this place.
 D = Time resting spent in this place.
 E = Time spent auto-exploring this place.
 F = Levels seen in this place.
 G = Mean time per level.
                   A        B        C        D        E       F      G
               +--------+--------+--------+--------+--------+-----+--------+
         Total |   3708 |   3612 |     96 |   1014 |   1766 |   4 |  927.0 |
       Dungeon |   3708 |   3612 |     96 |   1014 |   1766 |   4 |  927.0 |
               +--------+--------+--------+--------+--------+-----+--------+

Top non-repeatable levels by time:
     D:2: 1582 daAuts
     D:3: 942 daAuts
     D:1: 781 daAuts
     D:4: 401 daAuts
